 Dungeon Sprint DCSS version 0.30-a0-305-g026cb31310 (webtiles) character file.

Game seed: 13794349471735721883

22 rocky1 the Cudgeller (level 2, -5/27 HPs)
             Began as a Gargoyle Gladiator on Oct 23, 2022.
             Was an Elder of Cheibriados.
             Slain by a warg (13 damage)
             ... in the Dungeon (Sprint VII: "The Pits").
             The game lasted 00:01:10 (299 turns).

rocky1 the Cudgeller (Gargoyle Gladiator)            Turns: 299, Time: 00:01:11

Health: -5/27      AC: 16    Str: 26    XL:     2   Next: 91%
Magic:  2/2        EV:  8    Int: 17    God:    Cheibriados [****..]
Gold:   0          SH:  0    Dex: 20    Spells: 1/1 levels left

rFire   . . .      SeeInvis .    o - +2 mace (vorpal)
rCold   . . .      Faith    .    (no shield)
rNeg    + . .      Spirit   .    p - +2 plate armour
rPois   ∞          Reflect  .    c - +0 helmet
rElec   +          Harm     .    (no cloak)
rCorr   .          Rampage  .    (no gloves)
Will    .....      NoTele   +    (no boots)
Stlth   ..........               (no amulet)
HPRegen 0.24/turn                (no ring)
MPRegen 0.08/turn                (no ring)

@: berserking, very slow
A: sickness immunity, AC +2, negative energy resistance 1, electricity
resistance, torment resistance 1, petrification resistance
a: Renounce Religion, Bend Time, Temporal Distortion, Slouch


You were in the Dungeon.
You worshipped Cheibriados.
Cheibriados was greatly pleased with you.
You visited 1 branch

Inventory:

Hand Weapons
 a - a +0 flail
 o - a +2 vorpal mace (weapon)
Missiles
 d - 3 throwing nets (quivered)
 e - a javelin
Armour
 b - a +0 leather armour
 c - a +0 helmet (worn)
 p - a +2 plate armour (worn)
Scrolls
 k - a scroll of blinking
 m - 5 scrolls of amnesia
 n - a scroll of summoning
Potions
 f - 6 potions of curing
 g - 6 potions of heal wounds
 h - a potion of haste
 i - 4 potions of magic
 j - 2 potions of berserk rage
 l - 2 potions of invisibility


   Skills:
 + Level 2.8 Fighting
 + Level 4.7 Maces & Flails
 - Level 2.2 Throwing
 + Level 0.6 Armour
 + Level 3.6 Dodging
 + Level 0.0 Invocations


You had one spell level left.
You didn't know any spells.
Your spell library was empty.

Dungeon Overview and Level Annotations

Branches:
Dungeon (1/1)

Altars:
Ashenzari
Cheibriados
Dithmenos
Elyvilon
Fedhas
Gozag
Hepliaklqana
Kikubaaqudgha
Makhleb
Nemelex Xobeh
Okawaru
Qazlal
Ru
Sif Muna
Trog
Uskayaw
Vehumet
Wu Jian
Xom
Yredelemnul
Zin
The Shining One
Jiyva
Lugonu


Innate Abilities, Weirdness & Mutations

You are immune to sickness and miasma.
Your stone body is resilient. (AC +2)
You are immune to poison.
You resist negative energy. (rN+)
You are resistant to electric shocks. (rElec)
You are resistant to unholy torment.
You are immune to petrification.


Message History

The kobold brigand shouts!
The gnoll shouts!
The warg bites you but does no damage.
A water moccasin comes into view.
You closely miss the warg.
The warg is lightly wounded.
The warg bites you. The warg bites you but does no damage.
You closely miss the warg.
The warg is lightly wounded.
The warg bites you but does no damage.
You hit the warg but do no damage.
The warg is lightly wounded.
The warg bites you but does no damage. The warg bites you.
You completely miss the warg.
The warg is lightly wounded.
A jackal comes into view.
The warg bites you but does no damage. The warg bites you.
The jackal moves out of view.
Unknown command.
You don't have enough magic capacity.
A red film seems to cover your vision as you go berserk!
Cheibriados forces you to slow down.
You feel mighty!
The warg pauses to sniff the ground.
The warg bites you but does no damage.
A gnoll comes into view. It is wielding a +0 club.
The gnoll shouts!
You sock the warg!
The warg is heavily wounded.
The warg bites you.
A gnoll comes into view. It is wielding a +0 flail.
The warg bites you.
The jackal barks!
You hit the warg.
The warg is severely wounded.
The warg bites you.
* * * LOW HITPOINT WARNING * * *
You miss the warg.
The warg is severely wounded.
The warg closely misses you. The warg bites you!
You die...

#..........†'.....
#'#####'#####.....
#.#..#†.#.[##.....
#.#..†..#))#####'#
#.#..####))##.....
#.#..#..#.)##.....
#.#..#..#..##.....
#.##'#.)#'###...<.
#@#........##.....
#h#........##.....
#g###########.....


#Og ###### #gS. #Kg.# #hg## #... #... You could see a warg, a water moccasin, a
kobold brigand, an ogre, a gnoll sergeant, 4 gnolls and a jackal.

Vanquished Creatures
  2 ufetubi (D)
  An adder skeleton (D)
  A giant cockroach (D)
  A goblin (D)
  2 quokkas (D)
  A quokka zombie (D)
  2 rats (D)
10 creatures vanquished.

Notes
Turn   | Place    | Note
-------+----------+-------------------------------------------
     0 | D        | rocky1 the Gargoyle Gladiator began the quest for the Orb.
     0 | D        | Reached XP level 1. HP: 12/12 MP: 1/1
    21 | D        | Found a bloodstained altar of Trog.
    21 | D        | Found a shimmering blue altar of Sif Muna.
    21 | D        | Found a viscous altar of Jiyva.
    21 | D        | Found a hazy altar of Hepliaklqana.
    21 | D        | Found an opulent altar of Gozag.
    22 | D        | Found a glowing golden altar of the Shining One.
    22 | D        | Found a glowing silver altar of Zin.
    22 | D        | Found a basalt altar of Yredelemnul.
    22 | D        | Found a shimmering altar of Xom.
    22 | D        | Found an ornate altar of the Wu Jian Council.
    22 | D        | Found a sacrificial altar of Ru.
    22 | D        | Found a stormy altar of Qazlal.
    22 | D        | Found an iron altar of Okawaru.
    22 | D        | Found a sparkling altar of Nemelex Xobeh.
    22 | D        | Found a burning altar of Makhleb.
    22 | D        | Found a blossoming altar of Fedhas.
    22 | D        | Found a white marble altar of Elyvilon.
    22 | D        | Found a shadowy altar of Dithmenos.
    22 | D        | Found a snail-covered altar of Cheibriados.
    25 | D        | Found a corrupted altar of Lugonu.
    25 | D        | Found a radiant altar of Vehumet.
    26 | D        | Found an ancient bone altar of Kikubaaqudgha.
    26 | D        | Found a hide-covered altar of Uskayaw.
    26 | D        | Found a broken altar of Ashenzari.
    35 | D        | Became a worshipper of Cheibriados the Contemplative
    75 | D        | Reached * piety under Cheibriados
    84 | D        | Reached skill level 4 in Maces & Flails
    84 | D        | Reached XP level 2. HP: 13/18 MP: 2/2
    85 | D        | Reached ** piety under Cheibriados
   116 | D        | Reached *** piety under Cheibriados
   127 | D        | Reached **** piety under Cheibriados
   287 | D        | Noticed a warg
   287 | D        | Noticed a kobold brigand
   288 | D        | Noticed a gnoll sergeant
   289 | D        | Noticed an ogre
   291 | D        | Noticed a water moccasin
   299 | D        | Slain by a warg

Illustrated notes

Levels and vault maps discovered:
D:        pitsprint [storerooms_1, entrance_room_1, metal_vault_3, armoury_3,
          mini_pit_1, grid_room_1, main_hall_1, silver_pit, the_coven_3,
          the_vestibule_1, steel_vault_5, golden_pit, hallway_of_sentries,
          crystal_vault_4, iron_vault_3, final_vault]

Skill      XL: |  1 |
---------------+----+-----
Throwing       | 2 |  2.2
Dodging        | 3 |  3.6
Maces & Flails | 4 |  4.7
Fighting       | |  2.8
Armour         | |  0.6

Action                   || total
-------------------------++-------
Melee: Flail             ||    34
       Mace              ||    10
  Use: Potion            ||     1
Armor: Leather armour    ||    25
       Plate armour      ||     7
Dodge: Dodged            ||    47

Table legend: (Time is in decaauts)
 A = Elapsed time spent in this place.
 B = Non-inter-level travel time spent in this place.
 C = Inter-level travel time spent in this place.
 D = Time resting spent in this place.
 E = Time spent auto-exploring this place.
 F = Levels seen in this place.
 G = Mean time per level.
                   A        B        C        D        E       F      G
               +--------+--------+--------+--------+--------+-----+--------+
         Total |    355 |    306 |     49 |    106 |      0 |   1 |  355.0 |
       Dungeon |    355 |    306 |     49 |    106 |      0 |   1 |  355.0 |
               +--------+--------+--------+--------+--------+-----+--------+

Top non-repeatable levels by time:
       D: 355 daAuts
